 Dungeon Crawl Stone Soup version 0.22.0-75-g3901e79 (webtiles) character file.

1932 lysyklops the Skirmisher (level 8, -1/74 HPs)
             Began as a Minotaur Berserker on Sept 12, 2018.
             Was an Elder of Trog.
             Slain by a wight
             ... wielding a +0 great sword
              (8 damage)
             ... on level 7 of the Dungeon.
             The game lasted 00:19:58 (5265 turns).

lysyklops the Skirmisher (Minotaur Berserker)       Turns: 5265, Time: 00:19:59

Health: -1/74      AC: 14    Str: 23    XL:     8   Next: 97%
Magic:  7/7        EV:  7    Int:  4    God:    Trog [****..]
Gold:   441        SH:  0    Dex: 11    Spells: 7/7 levels left

rFire    . . .     SeeInvis .   s - +0 hand axe (venom)
rCold    . . .     Gourm    .   (no shield)
rNeg     . . .     Faith    .   a - +1 ring mail
rPois    .         Spirit   .   t - +2 hat
rElec    .         Reflect  .   D - +2 cloak
rCorr    .         Harm     .   m - +0 pair of gloves
MR       .....                  (no boots)
Stlth    +.........             (no amulet)
HPRegen  0.22/turn              (no ring)
MPRegen  0.10/turn              (no ring)

@: about to teleport, berserk cooldown, held, slowed, drained, very slow
A: retaliatory headbutt, horns 2
a: Berserk, Trog's Hand, Brothers in Arms, Renounce Religion


You were on level 7 of the Dungeon.
You worshipped Trog.
Trog was greatly pleased with you.
You were near starving.

You visited 1 branch of the dungeon, and saw 7 of its levels.
You also visited: Sewer.

You collected 441 gold pieces.

Inventory:

Hand Weapons
 s - a +0 hand axe of venom (weapon)
 y - a +0 war axe
Armour
 a - a +1 ring mail (worn)
 m - a +0 pair of gloves (worn)
 t - a +2 hat (worn)
 D - a +2 cloak (worn)
Wands
 b - a wand of scattershot (5)
 u - a wand of iceblast (8)
 x - a wand of paralysis (9)
Scrolls
 e - 2 scrolls of magic mapping {unknown}
 h - a scroll of identify
 i - 3 scrolls of remove curse
 j - a scroll of immolation {unknown}
 l - 3 scrolls of amnesia {unknown}
 n - 2 scrolls of fear {unknown}
 o - 6 scrolls of teleportation
 p - a scroll of fog {unknown}
 v - 2 scrolls of enchant armour
 A - a scroll of blinking {unknown}
 C - a scroll of acquirement {unknown}
 E - a scroll of enchant weapon {unknown}
Potions
 d - a potion of berserk rage
 g - 2 potions of haste
 k - a potion of magic
 q - a potion of mutation
 r - 2 potions of heal wounds
 w - a potion of lignification
 z - a potion of curing
 B - a potion of degeneration {unknown}
 F - a potion of ambrosia
Comestibles
 c - 9 rations
 f - 2 chunks of flesh


   Skills:
 + Level 7.9(6.8) Fighting
 + Level 7.9(6.8) Axes
 + Level 7.4(6.3) Armour
 + Level 6.7(5.6) Dodging


You had 7 spell levels left.
You didn't know any spells.
Your spell library was empty.

Dungeon Overview and Level Annotations

Branches:
Dungeon (7/15)
 Temple: D:4-7

Altars:
Ashenzari
Fedhas
Hepliaklqana
Nemelex Xobeh
Ru
Trog
Uskayaw
Xom
Yredelemnul

Shops:
D:5 *

Annotations:
D:7 Harold


Innate Abilities, Weirdness & Mutations

You reflexively headbutt those who attack you in melee.
You have a pair of horns on your head.


Message History

Harold throws a throwing net.
The throwing net hits you.
You become entangled in the net!
The wight barely misses you.
You struggle against the net.
The wight hits you with an enchanted morningstar.
You feel drained.
You tear a large gash into the net.
Harold hits you from afar with a trident!
* * * LOW HITPOINT WARNING * * *
The wight closely misses you.
Harold hits you from afar with a trident!
* * * LOW HITPOINT WARNING * * *
As you read the scroll labeled YPLOSI BEITHUR, it crumbles to dust.
It is a scroll of enchant armour.
Your +0 ring mail glows green for a moment.
The wight closely misses you. You furiously retaliate!
You headbutt the wight. The wight barely misses you.
Harold hits you but does no damage. The wight hits you but does no damage.
As you read the scroll of teleportation, it crumbles to dust.
You feel strangely unstable. The wight hits you with a great sword!
You die... #PP.PPP #.PPPz

#P..P ....
#..# #@.#
#######.z##.##
#..))))@z....#
#)#####..##..#
#.# #..# #)#
#(.# #.# #..#
#.# #..##. #.#
#.... .. #.#
####.###.# #.#
#.......(#


You could see Harold and 2 wights.

Vanquished Creatures
  2 water moccasins
  2 ice beasts
  An ogre (D:3)
  2 phantoms (D:5)
  A crocodile (Sewer)
  2 bullfrogs
  A scorpion (D:5)
  3 wights (D:7)
  2 crimson imps (D:5)
  4 jellies
  5 orc wizards
  4 orc priests
  A hound (D:5)
  A bullfrog skeleton (D:6)
  6 worker ants
  4 gnolls (D:7)
  5 adders
  3 shadow imps
  2 oozes (D:3)
  3 worms
  A dart slug (D:1)
  5 leopard geckos
  28 orcs
  A ball python (D:3)
  10 bats
  5 giant cockroaches
  4 goblins
  6 hobgoblins
  7 jackals (D:5)
  A quokka (D:4)
  2 frilled lizards (D:2)
  7 kobolds
  6 rats
137 creatures vanquished.

Notes
Turn   | Place    | Note
-------+----------+-------------------------------------------
     0 | D:1      | lysyklops the Minotaur Berserker began the quest for the
                  | Orb.
     0 | D:1      | Reached XP level 1. HP: 19/19 MP: 0/0
   329 | D:1      | Reached XP level 2. HP: 26/27 MP: 1/1
   656 | D:2      | Reached XP level 3. HP: 33/33 MP: 2/2
   762 | D:2      | Found a basalt altar of Yredelemnul.
   831 | D:2      | Reached ** piety under Trog
  1398 | D:3      | Reached XP level 4. HP: 30/41 MP: 3/3
  1504 | D:3      | Found a faded altar of an unknown god.
  1610 | D:3      | Noticed an ogre
  1615 | D:3      | Killed an ogre
  1615 | D:3      | Reached XP level 5. HP: 47/47 MP: 4/4
  1686 | D:3      | Reached skill level 5 in Fighting
  1686 | D:3      | Reached skill level 5 in Axes
  2487 | D:4      | Reached XP level 6. HP: 56/56 MP: 5/5
  2540 | D:4      | Found a hazy altar of Hepliaklqana.
  2549 | D:4      | Found a sacrificial altar of Ru.
  2552 | D:4      | Found a shimmering altar of Xom.
  2554 | D:4      | Found a shattered altar of Ashenzari.
  2555 | D:4      | Found a sparkling altar of Nemelex Xobeh.
  2556 | D:4      | Found a blossoming altar of Fedhas.
  2557 | D:4      | Found a hide-covered altar of Uskayaw.
  2586 | D:4      | Reached *** piety under Trog
  3234 | D:5      | Entered Level 5 of the Dungeon
  3312 | D:5      | Found Ymeidum's Assorted Antiques.
  3415 | D:5      | Reached skill level 5 in Armour
  3415 | D:5      | Reached XP level 7. HP: 57/62 MP: 6/6
  3538 | D:5      | Found a bloodstained altar of Trog.
  3595 | D:5      | Reached skill level 5 in Dodging
  3884 | D:5      | Reached XP level 8. HP: 67/71 MP: 7/7
  4055 | D:5      | Reached **** piety under Trog
  4419 | D:6      | Found a glowing drain.
  4440 | Sewer    | Entered a sewer
  5256 | D:7      | Noticed Harold
  5265 | D:7      | Slain by a wight

Skill      XL: |  1  2  3  4  5  6  7  8 |
---------------+-------------------------+-----
Fighting       | 4 5 6 7 |  7.9
Axes           | 4 5 6 7 |  7.9
Armour         | 3 4 5 6 7 |  7.4
Dodging        | 3 4 5 6 |  6.7

Action                   |  1- 3 |  4- 6 |  7- 9 || total
-------------------------+-------+-------+-------++-------
Melee: Hand axe          |    78 |    93 |   178 ||   349
       Headbutt          |     4 |    30 |    23 ||    57
Invok: Berserk           |       |     1 |     3 ||     4
  Use: Scroll            |       |       |    13 ||    13
  Eat: Chunk             |     1 |     8 |     4 ||    13
       Ration            |       |       |     1 ||     1
Armor: Ring mail         |    25 |    24 |    63 ||   112
       Animal skin       |     2 |       |       ||     2
Dodge: Dodged            |    51 |    48 |   118 ||   217
